 Dungeon Crawl Stone Soup version 0.25-a0-578-gc91f01c39c (webtiles) character file.

Game seed: 8502849160978384565, levelgen mode: classic

1128 EnegeticOcto the Chopper (level 8, -4/75 HPs)
             Began as a Deep Dwarf Fighter on Mar 3, 2020.
             Was a Follower of Makhleb.
             Slain by an orc warrior
             ... wielding a +3 halberd
              (14 damage)
             ... on level 6 of the Dungeon.
             The game lasted 00:01:48 (1739 turns).

EnegeticOcto the Chopper (Deep Dwarf Fighter)       Turns: 1739, Time: 00:01:49

Health: -4/75      AC:  9    Str: 25    XL:     8   Next: 13%
Magic:  6/6        EV:  6    Int: 10    God:    Makhleb [*.....]
Gold:   127        SH: 10    Dex: 12    Spells: 7/7 levels left

rFire    + . .     SeeInvis .   a - +0 war axe
rCold    . . .     Gourm    .   c - +0 kite shield
rNeg     . . .     Faith    .   t - +0 chain mail
rPois    .         Spirit   .   (no helmet)
rElec    .         Reflect  .   (no cloak)
rCorr    .         Harm     .   (no gloves)
MR       +....                  (no boots)
Stlth    ..........             (no amulet)
HPRegen  0.00/turn              x - +4 ring of strength
MPRegen  0.10/turn              m - ring of protection from fire

@: lethally poisoned (-4 -> -4), non-regenerating
A: damage resistance, heal wounds, sense surroundings 1, no regeneration
a: Heal Wounds, Renounce Religion


You were on level 6 of the Dungeon.
You worshipped Makhleb.
Makhleb was aware of your devotion.
You were hungry.

You visited 1 branch of the dungeon, and saw 6 of its levels.

You collected 127 gold pieces.

Inventory:

Hand Weapons
 a - a +0 war axe (weapon)
Armour
 c - a +0 kite shield (worn)
 t - a +0 chain mail (worn)
Jewellery
 m - a ring of protection from fire (right hand)
 x - a +4 ring of strength (left hand)
Scrolls
 g - a scroll of enchant armour {unknown}
 h - 2 scrolls of random uselessness {unknown}
 n - a scroll of teleportation {unknown}
 o - 2 scrolls of enchant weapon {unknown}
 p - 2 scrolls of fear {unknown}
 q - 2 scrolls of remove curse {unknown}
 r - a scroll of identify {unknown}
 s - a scroll of magic mapping {unknown}
 v - a scroll of fog {unknown}
Potions
 d - 2 potions of flight {unknown}
 i - 2 potions of haste {unknown}
 j - 2 potions of curing {unknown}
 k - 2 potions of might {@q3}
 l - 2 potions of heal wounds {unknown}
 u - a potion of lignification {unknown}
 w - a potion of ambrosia {unknown}
Comestibles
 b - 2 chunks of flesh
 e - 6 rations


   Skills:
 * Level 5.4 Fighting
 * Level 6.0 Axes
 + Level 5.1 Armour
 + Level 5.1 Shields
 * Level 4.0 Invocations


You had 7 spell levels left.
You didn't know any spells.
Your spell library was empty.

Dungeon Overview and Level Annotations

Branches:
Dungeon (6/15)
 Temple: D:4-7

Altars:
Fedhas
Makhleb
Qazlal
Ru
Sif Muna


Innate Abilities, Weirdness & Mutations

You are resistant to damage.
You can heal yourself by infusing magical energy.
You passively map a small area around you.
You do not regenerate.


Message History

The scorpion poisons you!
You closely miss the scorpion.
The scorpion is lightly wounded.
You feel sick. The scorpion barely misses you.
You slash the scorpion!
The scorpion is almost dead.
The scorpion barely misses you. You block the scorpion's attack.
You barely miss the scorpion.
The scorpion is almost dead.
You are feeling hungry.
You block the scorpion's attack.
You feel much better. The scorpion barely misses you.
You hit the scorpion.
You kill the scorpion!
Makhleb accepts your kill.
Your Invocations skill increases to level 4!
You closely miss the sky beast. You block the sky beast's attack.
You slash the sky beast!
The sky beast is moderately wounded.
You block the sky beast's attack.
You closely miss the sky beast.
The sky beast is moderately wounded.
The sky beast flickers out of sight!
Deactivating autopickup; reactivate with Ctrl-A.
Something hits you but does no damage.
No target in view!
No target in view!
No target in view!
No target in view!
No target in view!
No target in view!
No target in view!
No target in view!
No target in view!
No target in view!
No target in view!
You miss something. Something hits you but does no damage. Something hits you.
Something shocks you.
You closely miss something. Something hits you but does no damage.
You miss something.
A sky beast appears from thin air!
Reactivating autopickup.
You block the sky beast's attack.
An orc warrior comes into view. It is wielding a +3 halberd.
The orc warrior shouts!
You hit the sky beast.
The sky beast is moderately wounded.
You block the sky beast's attack.
The orc warrior throws a stone.
The stone hits you.
You closely miss the sky beast.
The sky beast is moderately wounded.
The sky beast flickers out of sight!
Deactivating autopickup; reactivate with Ctrl-A.
Something hits you. Something shocks you.
The orc warrior throws a stone.
The stone hits you but does no damage. Something hits you but does no damage.
You closely miss something.
The orc shouts!
The orc warrior throws a stone.
The stone hits you. Something hits you but does no damage.
The orc warrior throws a stone.
The stone hits you.
You barely miss something. Something hits you but does no damage.
The orc warrior throws a stone.
You block the stone.
Your shield and chain mail prevent you from hitting something.
Something hits you but does no damage.
The orc warrior throws a stone.
The stone hits you! Something hits you but does no damage.
You slash something! Something hits you. Something shocks you.
You hit something but do no damage. Something hits you. Something shocks you.
You hit something but do no damage. Something hits you but does no damage.
The orc warrior throws a stone.
The stone hits you but does no damage.
You closely miss something. Something hits you but does no damage.
The orc warrior throws a stone.
You block the stone.
A hound comes into view.
You closely miss something.
The hound barks!
Something hits you. Something shocks you.
* * * LOW HITPOINT WARNING * * *
The orc warrior throws a stone.
You block the stone. Something hits you. Something shocks you.
* * * LOW HITPOINT WARNING * * *
You miss something.
The orc warrior throws a stone.
The stone hits you!
* * * LOW HITPOINT WARNING * * *
Something hits you but does no damage.
You hit something. You hit the orc but do no damage.
The orc hits you but does no damage.
A sky beast appears from thin air!
Reactivating autopickup.
The sky beast hits you but does no damage.
The orc warrior hits you from afar with a +3 halberd.
The orc hits you but does no damage.
You closely miss the sky beast.
The sky beast is almost dead.
You slash the orc!
You kill the orc!
Makhleb accepts your kill. You block the sky beast's attack.
The hound closely misses you. You block the orc warrior's attack.
You block the sky beast's attack.
Your chain mail prevents you from hitting the sky beast.
The sky beast is almost dead.
You closely miss the hound.
The hound bites you but does no damage. x2
The sky beast hits you but does no damage.
The orc warrior hits you from afar with a +3 halberd!
You die...

.........†.......# ≈#........#.
.................# #........##
###############..# #.......... ,
#.o...#.....#..# #....##.##.#.
#..o..#.....#..# #######..#.#.
#..#..#..#..#..#, ##.#.#.
#.s#..#..#..#..# #### #.#.#.
...#.....#..o)h# ...#####.#.#. ,
#...Y@# *#.#.....#.#. ####** *
####### ###.........## ...# ,, ,
,.............. ##.# ,
##.......... #,* #. .. .. ,
+.......... .# ##'##.# *#.#
#.......... .#,# #...#.# #.#
#........#.
.#.####...#.####'#+####........#.
P...,.'...#.##.............###.#.


You could see an orc warrior, a sky beast and a hound.

Vanquished Creatures
  Eustachio (D:5)
  A sky beast (D:5)
  An ice beast (D:6)
  An orc warrior (D:6)
  An ogre (D:6)
  A bullfrog (D:6)
  A scorpion (D:6)
  A howler monkey (D:6)
  3 crimson imps (D:6)
  2 hounds
  2 orc wizards (D:6)
  A bullfrog skeleton (D:4)
  3 orc priests
  An iguana (D:6)
  4 adders
  2 shadow imps (D:6)
  A worm (D:3)
  A leopard gecko (D:1)
  8 orcs
  2 giant cockroaches
  2 hobgoblins
  17 jackals
  3 kobolds
  2 quokkas
  A ball python (D:3)
  2 bats (D:1)
  2 frilled lizards (D:3)
  A rat (D:3)
68 creatures vanquished.

Notes
Turn   | Place    | Note
-------+----------+-------------------------------------------
     0 | D:1      | EnegeticOcto the Deep Dwarf Fighter began the quest for the
                  | Orb.
     0 | D:1      | Reached XP level 1. HP: 20/20 MP: 1/1
    59 | D:1      | Reached XP level 2. HP: 21/27 MP: 2/2
   227 | D:3      | Reached skill level 3 in Axes
   227 | D:3      | Reached XP level 3. HP: 34/34 MP: 3/3
   372 | D:3      | Reached XP level 4. HP: 39/42 MP: 4/4
   643 | D:4      | Found a burning altar of Makhleb.
   647 | D:4      | Found a shimmering blue altar of Sif Muna.
   666 | D:4      | Reached XP level 5. HP: 36/50 MP: 5/5
   682 | D:5      | Entered Level 5 of the Dungeon
   686 | D:5      | Noticed a sky beast
   701 | D:5      | Killed a sky beast
   701 | D:5      | Reached skill level 4 in Axes
   814 | D:5      | Noticed Eustachio
   826 | D:5      | Reached XP level 6. HP: 30/57 MP: 6/6
   879 | D:5      | Killed Eustachio
   959 | D:4      | Became a worshipper of Makhleb the Destroyer
   985 | D:5      | Found a burning altar of Makhleb.
  1273 | D:6      | Reached skill level 5 in Axes
  1273 | D:6      | Reached skill level 1 in Invocations
  1303 | D:6      | Reached XP level 7. HP: 50/66 MP: 4/6
  1399 | D:6      | HP: 1/66 [ogre/+0 giant spiked club (27)]
  1420 | D:6      | Reached skill level 5 in Fighting
  1458 | D:6      | Found a sacrificial altar of Ru.
  1541 | D:6      | Found a stormy altar of Qazlal.
  1544 | D:6      | Found a blossoming altar of Fedhas.
  1632 | D:6      | Reached skill level 5 in Armour
  1632 | D:6      | Reached skill level 5 in Shields
  1680 | D:6      | Reached XP level 8. HP: 66/74 MP: 5/5
  1701 | D:6      | Reached * piety under Makhleb
  1714 | D:6      | Reached skill level 6 in Axes
  1739 | D:6      | Slain by an orc warrior

Levels and vault maps discovered:
D:1:      lightli_arrival_noodles, layout_basic
D:2:      layout_basic, evilmike_ruin_ashenzari, minmay_misc_feat_diagonals,
          tgw_xom
D:3:      layout_loops_corners, uniq_sigmund
D:4:      layout_loops_cross, nicolae_overflow_hidden_temple, vehumet_statue,
          minmay_temple_entry_glass, first_ration
D:5:      layout_cave_pools, makhleb_blood_cavern_becter, uniq_eustachio
D:6:      kennysheep_windowed_halls, layout_basic,
          grunt_temple_overflow_forces_of_nature,
          gammafunk_temple_overflow_elements, nicolae_ru_awakened_eye

Skill      XL: |  1  2  3  4  5  6  7  8 |
---------------+-------------------------+-----
Fighting       | 3 4 5 |  5.4
Axes           | 3 4 5 6 |  6.0
Shields        | 4 5 |  5.1
Armour         | 4 5 |  5.1
Invocations    | 1 3 4 |  4.0

Action                   |  1- 3 |  4- 6 |  7- 9 || total
-------------------------+-------+-------+-------++-------
Melee: War axe           |    60 |   149 |   124 ||   333
 Abil: Heal Wounds       |     3 |     4 |     9 ||    16
  Eat: Chunk             |       |     1 |     2 ||     3
Armor: Scale mail        |    32 |    93 |    19 ||   144
       Chain mail        |       |       |    31 ||    31
Dodge: Dodged            |    28 |    54 |    28 ||   110
Block: Kite shield       |    40 |    88 |    63 ||   191

Table legend:
 A = Non-vault XP
 B = Vault XP
 C = Vault XP percentage of total XP
 D = Non-vault monster count
 E = Vault monster count
 F = Vault count percentage of total count
                 A         B        C        D         E       F
            +---------+---------+-------+---------+---------+-------
      Total |    1180 |     432 |  26.8 |      60 |       8 |  11.8
            +---------+---------+-------+---------+---------+-------
        D:1 |      13 |       0 |   0.0 |       7 |       0 |   0.0
        D:2 |      14 |       0 |   0.0 |       1 |       0 |   0.0
        D:3 |     150 |       0 |   0.0 |      28 |       0 |   0.0
        D:4 |      41 |       0 |   0.0 |       1 |       0 |   0.0
        D:5 |     139 |     251 |  64.4 |       4 |       2 |  33.3
        D:6 |     823 |     181 |  18.0 |      19 |       6 |  24.0
            +---------+---------+-------+---------+---------+-------
